 Dungeon Crawl Stone Soup version 0.26.1-11-gd32895ea62 (webtiles) character file.

Game seed: 10980486831324309812

2719 vvl the Cleaver (level 9, -8/78 HPs)
             Began as a Hill Orc Fire Elementalist on June 8, 2021.
             Mangled by a cyan ugly thing (14 damage)
             ... on level 7 of the Dungeon.
             The game lasted 00:27:16 (11144 turns).

vvl the Cleaver (Hill Orc Fire Elementalist)       Turns: 11144, Time: 00:27:17

Health: -8/78      AC: 11    Str: 14    XL:     9   Next: 66%
Magic:  12/12      EV:  7    Int: 15    God:
Gold:   312        SH:  0    Dex: 11    Spells: 11/12 levels left

rFire    . . .     SeeInvis .   h - +1 dagger (venom)
rCold    . . .     Faith    .   (no shield)
rNeg     . . .     Spirit   .   j - +0 chain mail
rPois    +         Reflect  .   (no helmet)
rElec    .         Harm     .   (no cloak)
rCorr    .         Rampage  .   m - +0 pair of gloves
Will     .....                  (no boots)
Stlth    ..........             (no amulet)
HPRegen  0.23/turn              C - ring of stealth
MPRegen  0.13/turn              k - ring of poison resistance

@: confused
A: no striking features
a: no special abilities


You were on level 7 of the Dungeon.
You visited 1 branch of the dungeon, and saw 8 of its levels.
You also visited: Sewer.

You collected 312 gold pieces.

Inventory:

Hand Weapons
 e - a +2 vorpal spear
 h - a +1 dagger of venom (weapon)
 r - a +0 mace of holy wrath
 E - a +2 battleaxe
Missiles
 n - 173 bolts
 q - 5 javelins
Armour
 j - a +0 chain mail (worn)
 m - a +0 pair of gloves (worn)
 x - a +1 leather armour of cold resistance
Jewellery
 k - a ring of poison resistance (right hand)
 C - a ring of stealth (left hand)
 D - an uncursed ring of ice
Wands
 o - a wand of flame (28)
Scrolls
 b - 2 scrolls of enchant armour
 d - 4 scrolls of enchant weapon
 f - 8 scrolls of teleportation
 i - 2 scrolls of fog {unknown}
 l - 3 scrolls of amnesia {unknown}
 s - a scroll of remove curse
 t - 3 scrolls of blinking
 B - a scroll of magic mapping
Potions
 a - 2 potions of mutation {unknown}
 c - 3 potions of ambrosia
 g - a potion of cancellation {unknown}
 p - 4 potions of degeneration {unknown}
 u - 7 potions of flight {unknown}
 v - a potion of lignification {unknown}
 w - 3 potions of heal wounds {unknown}
 z - a potion of berserk rage {unknown}
 A - 4 potions of brilliance {unknown}
 F - a potion of might {unknown}
 G - a potion of attraction {unknown}


   Skills:
 + Level 6.4 Fighting
 * Level 10.1 Axes
 + Level 5.6 Armour
 - Level 2.3 Dodging
 - Level 1.5 Stealth
 - Level 2.0 Spellcasting
 - Level 3.0 Conjurations
 + Level 6.8 Fire Magic


You had 11 spell levels left.
You knew the following spells:

 Your Spells              Type           Power        Failure   Level
a - Foxfire               Conj/Fire      64%          50%         1

Your spell library contained the following spells:

 Spells                   Type           Power        Failure   Level
 Magic Dart               Conj           40%          77%         1
 Conjure Flame            Conj/Fire      16%          86%         3
 Searing Ray              Conj           20%          88%         2
 Inner Flame              Hex/Fire       11%          97%         3
 Sticky Flame             Conj/Fire      16%          99%         4
 Dazzling Flash           Conj/Hex       12%          100%        3
 Fulminant Prism          Conj/Hex       3%           100%        4
 Iskenderun's Mystic Bla  Conj/Tloc      6%           100%        4
 Fireball                 Conj/Fire      8%           100%        5


Dungeon Overview and Level Annotations

Branches:
Dungeon (8/15)             Temple (0/1) D:4           Sewer (visited)
   Lair: D:8-11

Altars:
Cheibriados

Annotations:
D:6 3 runed translucent doors, Zeld's ghost, amateur DrIE
D:7 2 runed translucent doors
D:8 Erica


Message History

You barely miss the cyan ugly thing.
The cyan ugly thing is moderately wounded.
The cyan ugly thing punches you! The cyan ugly thing shocks you!
* * * LOW HITPOINT WARNING * * *
You are confused.
You feel invigorated. The cyan ugly thing barely misses you.
You closely miss the cyan ugly thing.
The cyan ugly thing is moderately wounded.
The cyan ugly thing punches you but does no damage.
You bump into the stone wall.
The cyan ugly thing barely misses you.
You miss the cyan ugly thing.
The cyan ugly thing is moderately wounded.
The cyan ugly thing punches you.
* * * LOW HITPOINT WARNING * * *
The cyan ugly thing shocks you!
* * * LOW HITPOINT WARNING * * *
You're too confused to move!
The cyan ugly thing punches you.
* * * LOW HITPOINT WARNING * * *
The cyan ugly thing shocks you!
You die... .....# [#9 ##...##.### .....## {D)

#...###...## ......# #z#
#.##..##...# ......###O#
###....##...#
.......##D###....##.##.###
.......##.##...##....#...####
........#.##.##......##..#..##
#.......#.#z#######.#.#......###
........##.DDOHu@..##.#........#
.>.......#.##########.##.......##
.........##.#..### #.#[#...##...#
..........#.+.{+.###...##........
..........###.u#.##(###.#..#...#.
...........#####.##.....##.#..##.
...........##...##^#####.#.......
.>......[...#.####.......##......
..........#.##.##.#######.#......


You could see a six-headed hydra, a cyan ugly thing (very poisoned), a
two-headed ogre, a manticore, a steam dragon and a wight.

Vanquished Creatures
  Prince Ribbit (D:7)
  Sigmund (D:2)
  3 phantoms
  2 ogres
  2 centaurs
  5 bullfrogs
  A water moccasin zombie (D:6)
  4 scorpions
  2 killer bees
  A howler monkey (D:4)
  5 wights
  A centaur zombie (D:6)
  A jelly (D:6)
  3 hounds
  A bullfrog skeleton (D:7)
  Jessica (D:3)
  An iguana (D:5)
  5 orc wizards
  8 worker ants
  A hound skeleton (D:5)
  3 gnolls (D:6)
  11 adders
  A howler monkey skeleton (D:7)
  A shadow imp (D:6)
  2 white imps (D:7)
  An ooze (D:5)
  2 adder skeletons
  4 worms
  4 dart slugs
  6 leopard geckos
  25 orcs
  17 bats
  6 giant cockroaches
  8 goblins
  7 hobgoblins
  6 jackals
  8 kobolds
  7 ball pythons
  7 frilled lizards
  A leopard gecko zombie (D:7)
  9 rats
185 creatures vanquished.

Vanquished Creatures (others)
  19 foxfires (D:1)
19 creatures vanquished.

Grand Total: 204 creatures vanquished

Notes
Turn   | Place    | Note
-------+----------+-------------------------------------------
     0 | D:1      | vvl the Hill Orc Fire Elementalist began the quest for the
                  | Orb.
     0 | D:1      | Reached XP level 1. HP: 14/14 MP: 3/3
   157 | D:1      | Reached skill level 1 in Axes
   157 | D:1      | Reached XP level 2. HP: 22/22 MP: 0/4
   474 | D:1      | Reached skill level 1 in Fighting
   627 | D:1      | Reached XP level 3. HP: 23/28 MP: 5/5
  1236 | D:2      | Reached skill level 2 in Axes
  1447 | D:2      | Reached XP level 4. HP: 22/35 MP: 6/6
  1698 | D:2      | Noticed Sigmund
  1712 | D:2      | Killed Sigmund
  1713 | D:2      | Reached skill level 3 in Axes
  1713 | D:2      | Reached skill level 1 in Armour
  1713 | D:2      | Reached XP level 5. HP: 16/42 MP: 8/8
  1713 | D:2      | Reached XP level 6. HP: 19/50 MP: 9/9
  1718 | D:1      | Reached skill level 4 in Axes
  2691 | D:3      | Noticed Jessica
  2694 | D:3      | Killed Jessica
  3304 | D:4      | Found a snail-covered altar of Cheibriados.
  3454 | D:4      | Reached XP level 7. HP: 52/57 MP: 10/10
  3472 | D:4      | Reached skill level 5 in Axes
  4141 | D:4      | Found a staircase to the Ecumenical Temple.
  4815 | D:5      | Entered Level 5 of the Dungeon
  4907 | D:5      | Found a glowing drain.
  4924 | Sewer    | Entered a sewer
  5628 | D:5      | Reached skill level 6 in Axes
  6423 | D:6      | Found a runed translucent gate.
  6423 | D:6      | Found a runed translucent gate.
  6424 | D:6      | Found a runed translucent gate.
  6424 | D:6      | Noticed a kobold demonologist
  6424 | D:6      | Noticed Zeld's ghost (amateur DrIE)
  6427 | D:6      | Reached skill level 5 in Fire Magic
  6427 | D:6      | Reached XP level 8. HP: 53/66 MP: 11/11
  6727 | D:6      | Reached skill level 7 in Axes
  7365 | D:6      | Reached skill level 5 in Fighting
  7365 | D:6      | Reached skill level 8 in Axes
  8120 | D:6      | Reached XP level 9. HP: 36/62 MP: 12/12
  8789 | D:7      | Reached skill level 9 in Axes
  8789 | D:7      | Reached skill level 5 in Armour
  8816 | D:8      | Noticed Erica
  8849 | D:6      | HP: 3/69 [poisoned by a killer bee]
  8857 | D:6      | HP: 3/69 [poisoned by a killer bee]
  9202 | D:7      | HP: 2/69 [killer bee (7)]
 10282 | D:7      | Noticed Prince Ribbit
 10630 | D:7      | Killed Prince Ribbit
 10631 | D:7      | Reached skill level 10 in Axes
 10921 | D:7      | Found a runed translucent door.
 10921 | D:7      | Found a runed translucent door.
 10921 | D:7      | Noticed a green ugly thing
 11123 | D:7      | Noticed a two-headed ogre
 11123 | D:7      | Noticed a cyan ugly thing
 11124 | D:7      | Noticed a gargoyle
 11124 | D:7      | Noticed a manticore
 11125 | D:7      | Noticed a six-headed hydra
 11144 | D:7      | Mangled by a cyan ugly thing

Illustrated notes

Levels and vault maps discovered:
D:1:      ebering_trefoil_3fold, layout_basic
D:2:      layout_rooms, minmay_surrounded, uniq_sigmund
D:3:      layout_rooms, uniq_jessica
D:4:      layout_layer_cave, kennysheep_slug_shrine,
          minmay_temple_entry_from_below_a
D:5:      layout_loops_ring, cheibrodos_sewer_entry_drain
D:6:      layout_rooms, gammafunk_ghost_nasty_kobolds
D:7:      minmay_the_grid_triangle_9x9_rhombus_thin
          [minmay_the_grid_triangle_9x9_odd_lines,
          minmay_the_grid_triangle_9x9_prize_center,
          minmay_the_grid_triangle_9x9_flanged_cone,
          minmay_the_grid_triangle_9x9_tough_junction], layout_cave_pools,
          uniq_prince_ribbit1
D:8:      cheibrodos_two_vegetables, layout_basic, uniq_maurice, uniq_joseph,
          uniq_erica

Skill      XL: |  1  2  3  4  5  6  7  8  9 |
---------------+----------------------------+-----
Axes           | 1 2 3 4 6 8 10 | 10.1
Fighting       | 1 2 3 4 5 6 |  6.4
Spellcasting   | 2 |  2.0
Armour         | 1 2 3 4 5 |  5.6
Conjurations   | 2 3 |  3.0
Fire Magic     | 4 5 6 |  6.8
Dodging        | 2 |  2.3
Stealth        | |  1.5

Action                   |  1- 3 |  4- 6 |  7- 9 || total
-------------------------+-------+-------+-------++-------
Melee: Unarmed           |     4 |       |       ||     4
       Spear             |    24 |       |    93 ||   117
       Dagger            |    40 |   206 |   372 ||   618
       Battleaxe         |       |       |   117 ||   117
 Cast: Foxfire           |    10 |       |       ||    10
Evoke: Wand              |       |       |     6 ||     6
  Use: Scroll            |       |     3 |    11 ||    14
       Potion            |       |       |     4 ||     4
 Stab: Sleeping          |     2 |       |       ||     2
       Fleeing           |       |       |     1 ||     1
Armor: Robe              |     6 |       |       ||     6
       Chain mail        |    69 |   201 |   445 ||   715
Dodge: Dodged            |    30 |    88 |   243 ||   361
